 Dungeon Crawl Stone Soup version 0.22-a0-414-gacd343e8ff (webtiles) character file.

21 Kriby the Ruffian (level 2, -10/29 HPs)
             Began as a Troll Monk on May 13, 2018.
             Mangled by a kobold
             ... wielding a +1 whip of electrocution
              (20 damage)
             ... on level 1 of the Dungeon.
             The game lasted 00:00:22 (206 turns).

Kriby the Ruffian (Troll Monk)                       Turns: 206, Time: 00:00:23

Health: -10/29     AC:  5    Str: 18    XL:     2   Next: 65%
Magic:  1/1        EV: 10    Int:  6    God:
Gold:   32         SH:  0    Dex: 12    Spells: 1/1 levels left

rFire    . . .     SeeInvis .     - Unarmed
rCold    . . .     Gourm    +   (no shield)
rNeg     . . .     Faith    .   a - +0 robe
rPois    .         Spirit   .   (helmet restricted)
rElec    .         Reflect  .   (no cloak)
rCorr    .         Harm     .   (gloves unavailable)
MR       .....                  (boots unavailable)
Stlth    ++........             (no amulet)
HPRegen  0.49/turn              (no ring)
MPRegen  0.07/turn              (no ring)

@: no status effects
A: large, unfitting armour, claws 3, fast metabolism 3, gourmand, regeneration
1, shaggy fur 1, tough skin 2
a: no special abilities


You were on level 1 of the Dungeon.
You were completely stuffed.

You visited 1 branch of the dungeon, and saw 1 of its levels.

You collected 32 gold pieces.

Inventory:

Armour
 a - a +0 robe (worn)
Jewellery
 d - a +2 ring of protection {unknown}
 e - an uncursed ring of stealth {unknown}
Scrolls
 g - a scroll of identify {unknown}
Potions
 c - 2 potions of curing {unknown}
 f - a potion of mutation {unknown}
Comestibles
 b - 2 rations


   Skills:
 + Level 2.7 Fighting
 - Level 2.4 Dodging
 - Level 1.0 Stealth
 * Level 3.7 Unarmed Combat


You had one spell level left.
You didn't know any spells.
Your spell library was empty.

Dungeon Overview and Level Annotations

Branches:
Dungeon (1/15)

Altars:


Innate Abilities, Weirdness & Mutations

You are too large for most types of armour.
You have claws for hands.
Your metabolism is lightning-fast.
You like to eat raw meat.
Your natural rate of healing is unusually fast.
You are covered in fur. (AC +1)
You have very tough skin. (AC +2)


Message History

There are monsters nearby!
There are monsters nearby!
You are too injured to fight recklessly!
There are monsters nearby!
There are monsters nearby!
You are too injured to fight recklessly!
The kobold throws a stone.
The stone barely misses you.
Things that are here:
a stone; a ruby potion 2 goblins come into view.
The goblin shouts!
The goblin moves out of view.
The goblin shouts!
The goblin barely misses you. The goblin hits you but does no damage.
You scratch the goblin.
You kill the goblin!
The kobold hits you but does no damage.
You are electrocuted!
Ouch! That really hurt!
You die...

.#.#. #.#.#
#........... .....
#.#.# #.#....#.##.
#### #.#.# #
#.)#.#.##. #.#.#
#..#...##. #.#.#
#÷.†...##.
#K#.########..#.....
#.#............#....
#K#########.####....
#.K@...##.....##...(
###g...#.#8≈8#.#....
+....# #≈≈≈#.#....
#....# #8≈8#.#....
#....# #≈≈≈#.#....
#....#.#8≈8#.#....
#######.....###...
##.<.###..#. #####
#....


You could see a goblin and 2 kobolds.

Vanquished Creatures
  An ooze (D:1)
  A leopard gecko (D:1)
  A ball python (D:1)
  5 goblins (D:1)
  2 hobgoblins (D:1)
  2 bats (D:1)
  2 kobolds (D:1)
  A rat (D:1)
15 creatures vanquished.

Notes
Turn   | Place    | Note
-------+----------+-------------------------------------------
     0 | D:1      | Kriby the Troll Monk began the quest for the Orb.
     0 | D:1      | Reached XP level 1. HP: 22/22 MP: 0/0
    51 | D:1      | Reached XP level 2. HP: 29/29 MP: 1/1
   206 | D:1      | Mangled by a kobold

Vault maps used:
D:1:      lightli_arrival_statue_moat, serial_glass, glass_columns_b,
          glass_columns_a, glass_columns_a, glass_columns_b, glass_columns_c,
          glass_columns_c, minivault_27

Action                   || total
-------------------------++-------
Melee: Unarmed           ||    39
 Stab: Sleeping          ||     1
  Eat: Chunk             ||     7
Armor: Robe              ||    19
Dodge: Dodged            ||    22

Table legend:
 A = Spawn XP
 B = Non-spawn XP
 C = Spawn XP percentage of total XP
 D = Spawn monster count
 E = Non-spawn monster count
 F = Spawn count percentage of total count
 G = Total turns spent on level
                    A         B        C        D         E        F      G
               +---------+---------+-------+---------+---------+-------+---------
         Total |       0 |      31 |   0.0 |       0 |      15 |   0.0 |   206
               +---------+---------+-------+---------+---------+-------+---------
           D:1 |       0 |      31 |   0.0 |       0 |      15 |   0.0 |   206
               +---------+---------+-------+---------+---------+-------+---------
